 Dungeon Crawl Stone Soup version 0.18-a0-1514-g6ed9364 (webtiles) character file.

81 Duffy the Twirler (level 4, -1/23 HPs)
             Began as a Vine Stalker Gladiator on Mar 6, 2016.
             Slain by a scorpion (6 damage)
             ... on level 3 of the Dungeon.
             The game lasted 00:01:18 (1191 turns).

Duffy the Twirler (Vine Stalker Gladiator)          Turns: 1191, Time: 00:01:18

Health: -1/23      AC:  7    Str: 18    XL:     4   Next: 40%
Magic:  0/5        EV: 11    Int:  7    God:
Gold:   126        SH:  0    Dex: 14    Spells: 0 memorised, 3 levels left

rFire  . . .     SeeInvis +     a - +0 quarterstaff
rCold  . . .     Gourm    .     e - +0 ring mail
rNeg   . . .     Faith    .     (shield currently unavailable)
rPois  .         Spirit   +     c - +0 helmet
rElec  .         Dismiss  .     (no cloak)
rCorr  .         Reflect  .     j - +0 pair of gloves
SustAt .         Harm     .     (no boots)
MR     .....                    (no amulet)
Stlth  +.........               p - -2 ring of intelligence (curse)
                                o - ring of see invisible

@: lethally poisoned (-1 -> -2), not resistant to hostile enchantments, very
unstealthy
A: fangs 2, regeneration 1, magic shield, antimagic bite, no device heal 3, rot
immunity
a: no special abilities


You were on level 3 of the Dungeon.
You were not hungry.

You visited 1 branch of the dungeon, and saw 3 of its levels.

You collected 126 gold pieces.


Innate Abilities, Weirdness & Mutations

You have extremely sharp teeth.
Your natural rate of healing is unusually fast.
When hurt, damage is shared between your health and your magic reserves.
Your bite disrupts and absorbs the magic of your enemies.
Potions and wands cannot restore your health.
You are immune to rotting.


   Skills:
 - Level 1.7 Fighting
 + Level 4.6 Staves
 - Level 1.7 Throwing
 - Level 2.4 Dodging


You had 3 spell levels left.
You didn't know any spells.

Inventory:

Hand Weapons
 a - a +0 quarterstaff (weapon)
Missiles
 d - 3 throwing nets
 s - 6 javelins (quivered)
Armour
 b - a +0 leather armour
 c - a +0 helmet (worn)
 e - a +0 ring mail (worn)
 j - a +0 pair of gloves (worn)
Jewellery
 o - a ring of see invisible (left hand)
 p - a cursed -2 ring of intelligence (right hand)
Scrolls
 h - a scroll of random uselessness {unknown}
 i - 5 scrolls of identify {unknown}
 k - 2 scrolls of fear {unknown}
 n - 2 scrolls of remove curse {unknown}
 q - a scroll of immolation {unknown}
 r - a scroll of enchant armour {unknown}
Potions
 g - 2 potions of haste {unknown}
 m - 3 potions of agility {unknown}
 w - a potion of curing {unknown}
Comestibles
 f - 4 bread rations
 l - 2 meat rations
 t - a beef jerky
 u - 2 chunks of flesh
 v - 2 fruits

Dungeon Overview and Level Annotations

Branches:
Dungeon (3/15)

Altars:
Makhleb


Message History

You are too injured to fight recklessly!
You are too injured to fight recklessly!
You are too injured to fight recklessly!
You are too injured to fight recklessly!
You are too injured to fight recklessly!
You are too injured to fight recklessly!
You are too injured to fight recklessly!
You are too injured to fight recklessly!
You are too injured to fight recklessly!
You are too injured to fight recklessly!
You are too injured to fight recklessly!
You are too injured to fight recklessly!
You are too injured to fight recklessly!
You are too injured to fight recklessly!
You are too injured to fight recklessly!
You are too injured to fight recklessly!
You are too injured to fight recklessly!
You are too injured to fight recklessly!
You are too injured to fight recklessly!
You barely miss the scorpion.
You bite the scorpion, but do no damage.
You feel sick.
The scorpion stings you but does no damage.
You hit the scorpion. You bite the scorpion. You drain its power.
You feel invigorated.
The scorpion is moderately wounded.
You feel sick. The scorpion stings you.
Your ring mail prevents you from hitting the scorpion.
You bite the scorpion. You drain its power.
You feel invigorated.
The scorpion is heavily wounded.
The scorpion misses you. The scorpion stings you.
You sock the scorpion! Your bite misses the scorpion.
The scorpion is almost dead.
You feel sick. The scorpion stings you!
You die...

.# ..## #..... .....<
#..... . .## ...
###################.>...
................@s......
###################.....
... #


You could see a scorpion.

Action                   |  1- 3 |  4- 6 || total
-------------------------+-------+-------++-------
Melee: Quarterstaff      |    92 |    23 ||   115
  Eat: Chunk             |       |     1 ||     1

Notes
Turn   | Place    | Note
--------------------------------------------------------------
     0 | D:1      | Duffy the Vine Stalker Gladiator began the quest for the Orb.
     0 | D:1      | Reached XP level 1. HP: 11/11 MP: 2/2
    71 | D:1      | Reached skill level 3 in Staves
    91 | D:1      | Reached XP level 2. HP: 15/15 MP: 3/3
   467 | D:2      | Reached XP level 3. HP: 8/18 MP: 4/4
   579 | D:2      | Reached skill level 4 in Staves
   862 | D:2      | Reached XP level 4. HP: 23/23 MP: 5/5
   912 | D:2      | Found a faded altar to an unknown god.
  1011 | D:3      | Found a burning altar of Makhleb.
  1191 | D:3      | Slain by a scorpion

Vault maps used:
D:1:      evilmike_arrival_plus
D:2:      ecumenical_altar_1, first_bread
D:3:      lemuel_altar_in_water2

Vanquished Creatures
  4 adders
  A dart slug
  2 giant geckos
  3 giant cockroaches
  4 goblins
  6 hobgoblins
  2 quokkas
  A ball python
  7 bats
  A giant newt
  4 kobolds
  7 rats
42 creatures vanquished.
